 Dungeon Crawl Stone Soup version 0.21-a0-154-gb5400c9 (webtiles) character file.

1634652 Yermak the Devastator (level 27, 240/240 HPs)
             Began as a Purple Draconian Wizard on Aug 2, 2017.
             Was the Champion of Vehumet.
             Escaped with the Orb
             ... and 3 runes!
             The game lasted 06:29:22 (75175 turns).

Yermak the Devastator (Purple Draconian Wizard)    Turns: 75175, Time: 06:29:22

Health: 240/240    AC: 25    Str: 15    XL:     27
Magic:  62/63      EV: 24    Int: 37    God:    Vehumet [******]
Gold:   3239       SH: 18    Dex: 13    Spells: 2/61 levels left

rFire    + + .     SeeInvis .   a - staff of conjuration
rCold    . . .     Gourm    .   y - +5 shield {rF+}
rNeg     + + .     Faith    .   (armour unavailable)
rPois    +         Spirit   .   k - +3 hat of Pondering {ponderous, MR+ MP+10 Int+5}
rElec    +         Reflect  .   i - +2 cloak {+Inv}
rCorr    .         Harm     .   m - +2 pair of gloves {Str+3}
MR       +++++                  t - +2 pair of boots {run}
Stlth    ++........             F - amulet of magic regeneration
HPRegen  0.50/turn              C - ring of Soef {rElec rN++ MP+9 Str+2, =R}
MPRegen  0.63/turn              f - ring of Youthful Indiscretion {+Blink rF+ Int+4}

@: deflect missiles
A: breathe power, unfitting armour, hooves 1, deterioration 1, mutation
resistance 1, poison resistance, no potion heal 1, cold-blooded, AC +13
0: Orb of Zot
}: 3/15 runes: decaying, abyssal, gossamer
a: Breathe Dispelling Energy, Renounce Religion, Evoke Blink, Evoke Invisibility


You escaped.
You worshipped Vehumet.
Vehumet was exalted by your worship.
You were not hungry.

You visited 10 branches of the dungeon, and saw 49 of its levels.
You visited the Abyss 1 time.
You visited 1 bazaar.
You also visited: Trove and Ice Cave.

You collected 7222 gold pieces.
You spent 3983 gold pieces at shops.

Inventory:

Hand Weapons
 b - a +9 eveningstar of crushing
 s - the +2 long sword of the Queen {flame, Int+5 SInv}
   (You took it off a kobold demonologist on level 15 of the Dungeon)

   It has been specially enchanted to burn those struck by it, causing extra
   injury to most foes and up to half again as much damage against particularly
   susceptible opponents.
   Big, fiery blades are also staple armaments of hydra-hunters.
   It affects your intelligence (+5).
   It lets you see invisible.
 P - the +1 eveningstar "Kacef" {venom, rC+ rN+ Int+3}
   (You found it in a treasure trove)

   It poisons the flesh of those it strikes.
   It affects your intelligence (+3).
   It protects you from cold.
   It protects you from negative energy.
Missiles
 Z - 4 throwing nets (quivered)
Armour
 i - a +2 cloak of invisibility (worn)
 k - the +3 hat of Pondering (worn) {ponderous, MR+ MP+10 Int+5}
   (You found it on level 2 of the Vaults)

   It affects your intelligence (+5).
   It affects your resistance to hostile enchantments.
   It affects your magic capacity (+10).
 m - a +2 pair of gloves of strength (worn)
 t - a +2 pair of boots of running (worn)
 y - a +5 shield of fire resistance (worn)
Magical Staves
 a - an uncursed staff of conjuration (weapon)
Jewellery
 c - an uncursed ring of protection from cold
 f - the ring of Youthful Indiscretion (right hand) {+Blink rF+ Int+4}
   (You took it off a deep elf demonologist on level 2 of the Depths)

   [ring of protection from fire]

   It affects your intelligence (+4).
   It protects you from fire.
   It lets you blink.
 p - the ring "Kyuroupn" {-Tele rPois Int+6}
   (You found it on level 7 of the Dungeon)

   [ring of poison resistance]

   It affects your intelligence (+6).
   It protects you from poison.
   It prevents most forms of teleportation.
 C - the ring of Soef (left hand) {rElec rN++ MP+9 Str+2, =R}
   (You took it off a deep elf demonologist on level 3 of the Elven Halls)

   [ring of magical power]

   It affects your strength (+2).
   It insulates you from electricity.
   It greatly protects you from negative energy.
   It affects your magic capacity (+9).
 F - an amulet of magic regeneration (around neck)
Wands
 x - a wand of acid (12/15)
 A - a wand of acid (5/15)
 D - a wand of digging (12/24)
 E - a wand of enslavement (10/24)
 I - a wand of iceblast (11/15)
 L - a wand of iceblast (9/15)
 O - a wand of clouds (3/9)
 S - a wand of scattershot (2/9)
Scrolls
 d - 12 scrolls of recharging
 h - 4 scrolls of fog
 j - 3 scrolls of enchant armour
 r - 3 scrolls of summoning
 w - 7 scrolls of immolation
 B - 14 scrolls of blinking
 K - a scroll of holy word
 M - 9 scrolls of magic mapping
 N - 18 scrolls of remove curse
 R - 10 scrolls of identify
 T - 19 scrolls of teleportation
 V - 13 scrolls of fear
Potions
 l - 5 potions of invisibility
 n - a potion of ambrosia
 o - 3 potions of flight
 q - 6 potions of might
 u - 5 potions of resistance
 v - 5 potions of mutation {!q}
 G - 7 potions of haste
 H - 8 potions of heal wounds
 J - 4 potions of brilliance
 Q - 16 potions of curing
 U - 10 potions of agility
 W - 6 potions of magic
Miscellaneous
 g - a fan of gales
 X - a phial of floods
 Y - a lamp of fire
Comestibles
 e - 13 bread rations
 z - 29 meat rations


   Skills:
 + Level 18.7 Fighting
 - Level 14.0 Maces & Flails
 + Level 18.9 Dodging
 - Level 8.8 Stealth
 - Level 15.3 Shields
 - Level 17.6 Spellcasting
 - Level 20.1 Conjurations
 - Level 8.6 Charms
 - Level 6.1 Summonings
 - Level 3.0 Necromancy
 - Level 1.0 Translocations
   Level 1.0 Transmutations
 - Level 16.0 Fire Magic
   Level 4.9 Ice Magic
 - Level 5.0 Air Magic
 + Level 14.1 Earth Magic
   Level 4.7 Poison Magic
 - Level 7.5 Evocations


You had 2 spell levels left.
You knew the following spells:

 Your Spells              Type           Power        Failure   Level  Hunger
a - Iskenderun's Mystic   Conj           ########     0%          4    None
b - Iron Shot             Conj/Erth      ########..   1%          6    None
d - Blink                 Tloc           N/A          1%          2    None
e - Fireball              Conj/Fire      ########..   0%          5    None
f - Deflect Missiles      Chrm/Air       ######....   9%          6    None
l - Lee's Rapid Deconstr  Erth           #######...   1%          5    None
q - Bolt of Fire          Conj/Fire      ########..   1%          6    None
w - Ignition              Fire           ########..   2%          8    ####...
z - Orb of Destruction    Conj           ########..   1%          7    ##.....
R - Regeneration          Chrm/Necr      ######....   1%          3    None
Y - Spellforged Servitor  Conj/Summ      ########..   1%          7    ##.....


Dungeon Overview and Level Annotations

Branches:
Dungeon (15/15)            Temple (1/1) D:4            Lair (6/6) D:11
  Swamp (4/4) Lair:4       Spider (4/4) Lair:4        Slime (0/5) Lair:5
    Orc (2/2) D:12            Elf (3/3) Orc:2        Vaults (4/5) D:13
  Crypt (0/3) Vaults:3     Depths (5/5) D:15            Zot (5/5) Depths:5

Altars:
Ashenzari
Cheibriados
Dithmenos
Elyvilon
Fedhas
Gozag
Hepliaklqana
Kikubaaqudgha
Makhleb
Nemelex Xobeh
Okawaru
Qazlal
Ru
Sif Muna
Trog
Uskayaw
Vehumet
Wu Jian
Xom
Yredelemnul
Zin
The Shining One
Beogh
Lugonu

Shops:
D:15 :   Orc:2 :*[?!   Depths:3 =}=   Depths:4 [

Portals:
Hell: Depths:1 Depths:2 Depths:3 Depths:4 Depths:5
Abyss: Depths:4
Pandemonium: Depths:3 Depths:4
Ziggurat: Depths:5


Innate Abilities, Weirdness & Mutations

You can breathe bolts of dispelling energy.
Your rich purple scales are hard. (AC +13)
You cannot fit into any form of body armour.
You are cold-blooded and may be slowed by cold attacks.
You have large cloven feet.
Your body sometimes deteriorates upon taking damage.
You are somewhat resistant to further mutation.
Your system is resistant to poisons. (rPois)
Potions are less effective at restoring your health.


Message History

You feel your power returning.
The orange demon stings you but does no damage.
Unknown command.
Casting: Iron Shot
Confirm with . or Enter, or press ? or * to list all spells.
Aiming: Bolt of Fire
Press: ? - help, Shift-Dir - straight line, f - orange demon
Aim: an orange demon You feel a surge of power!
The bolt of fire hits the orange demon.
You kill the orange demon!
Vehumet accepts your kill.
You feel your power returning.
Unknown command.
You see here a stone.
A white imp comes into view.
The white imp moves out of view.
A kobold comes into view. It is wielding a short sword.
The kobold moves out of view.
There is a staircase leading out of the dungeon here.
You have escaped!

####.##.#.#...........#.# ######
#.......##.....#.#.....## #.....
#.##....#......#.#......# #.####
..##....#......#.#......####.####
#.#...###....#.#.#.#....##.......
#......##...##.#.#.##...##.#.####
#.#...###.....⌠#.#⌠.....##.#.####
#.##.####..##.##.#####..##.#.....
#.........K.....@..........######
####.####...####.#####..#..###
##'## #.....⌠#.#⌠.....##...#
##...###...##.#.#.##...####.#
##.....#(....#.#.#.#....# #.#
#.....).#......#.#......# ##.##
........#......#.#......###..÷###
.....(..##.....#.#.....##........
....(..(#.#...........#.#........


You could see a kobold.

Vanquished Creatures
  9 orbs of fire
  6 ancient liches
  Bai Suzhen (Depths:1)
  3 greater mummies (Depths:3)
  3 Killer Klowns
  Frederick (Vaults:2)
  2 caustic shrikes (Depths:2)
  A curse toe (Zot:5)
  the Enchantress (Depths:5)
  7 golden dragons
  A bone dragon (Depths:5)
  A pandemonium lord (Depths:4)
  Jorgrun (Vaults:2)
  A Tzitzimitl (D:1)
  3 electric golems
  The ghost of kal9871 the Phalangite, an adept MiBe of the Shining One (Elf:2)
  28 Orb Guardians
  11 tentacled monstrosities
  Rupert (Lair:6)
  3 liches
  A titan (Depths:2)
  8 quicksilver dragons
  2 deep elf blademasters (Elf:3)
  8 death cobs
  A kraken (Abyss:3)
  Frances (D:12)
  A sphinx (Depths:2)
  2 tentacled starspawn (Abyss:3)
  2 thorn hunters
  10 storm dragons
  Kirke (Swamp:4)
  2 tengu reavers
  9 shadow dragons
  5 draconian monks
  8 fire giants
  2 iron dragons
  4 draconian knights
  11 deep elf sorcerers
  2 emperor scorpions (Spider:4)
  5 ghost moths
  2 vault wardens
  7 deep elf elementalists
  8 frost giants
  10 draconian scorchers
  Aizul (Swamp:1)
  6 draconian stormcallers
  3 angels
  A caustic shrike skeleton (Depths:2)
  An orc warlord (Orc:1)
  4 draconian shifters
  7 draconian annihilators
  7 ironheart preservers
  10 very ugly things
  3 spriggan defenders
  6 entropy weavers
  11 deep elf demonologists
  16 stone giants
  5 yellow draconians
  11 green draconians
  8 black draconians
  8 white draconians
  3 vampire knights
  6 spark wasps
  9 purple draconians
  11 deep elf annihilators
  Azrael (D:15)
  14 red draconians
  The ghost of braks the Basher, a journeyman TrVM of Ashenzari (IceCv)
  A blizzard demon (Abyss:3)
  7 deep elf death magi
  Josephine (Lair:4)
  6 ettins
  2 mummy priests (Depths:3)
  10 fire dragons
  9 yaktaur captains
  7 deep elf high priests
  A merfolk impaler (Depths:1)
  8 ogre magi
  10 great orbs of eyes
  Fannar (Lair:2)
  A hell beast (Depths:1)
  9 rakshasas
  3 spriggan air magi
  A vault guard (Vaults:4)
  24 hydras
  6 ghost crabs
  Erica (Orc:1)
  12 ice dragons
  A catoblepas (Lair:6)
  2 death knights (Vaults:1)
  22 two-headed ogres
  2 alligators
  2 vampire magi (Depths:2)
  8 deep troll earth magi
  17 centaur warriors
  27 dancing weapons
  2 thrashing horrors (Abyss:3)
  6 deep troll shamans
  The ghost of braks the Skirmisher, a novice OgAM of the Shining One (D:8)
  Urug (D:12)
  A tengu warrior (Depths:3)
  A spriggan berserker (Depths:5)
  7 death yaks
  4 orc high priests
  3 hell hogs (Abyss:3)
  2 sun demons
  26 deep elf knights
  A storm dragon zombie (Vaults:4)
  9 spriggans
  Sonja (Lair:2)
  3 wretched stars
  A soul eater (Abyss:3)
  2 iron trolls
  8 large abominations
  A fire crab (shapeshifter) (Vaults:1)
  2 shadow wraiths
  A sixfirhy (Abyss:3)
  A glowing orange brain (shapeshifter) (Depths:2)
  3 hell knights (Depths:2)
  An unseen horror (shapeshifter) (Depths:2)
  22 deep trolls
  9 skeletal warriors
  7 glowing orange brains
  3 spriggan druids
  6 starcursed masses (Abyss:3)
  5 unseen horrors
  A cherub (Zot:5)
  A spatial maelstrom (Abyss:3)
  23 deep elf archers
  8 ironbrand convokers
  9 wizards
  2 shambling mangroves
  10 swamp dragons
  A gelid demonspawn (Depths:4)
  An infernal demonspawn (Depths:4)
  5 necromancers
  A wolf spider zombie (D:13)
  2 flayed ghosts
  Pikel (D:7)
  74 deep elf magi
  2 phantasmal warriors (D:12)
  A lindwurm (Lair:6)
  12 orc sorcerers
  17 orb spiders
  19 orc knights
  A salamander (Depths:5)
  25 wolf spiders
  42 ugly things
  A worldbinder (Abyss:3)
  A manticore (D:11)
  8 black mambas
  2 centaur zombies (D:14)
  4 cyclopes
  A toenail golem (D:10)
  A black mamba (shapeshifter) (Depths:5)
  2 ice statues (IceCv)
  A stone giant skeleton (Abyss:3)
  A guardian serpent (Abyss:3)
  5 smoke demons
  33 moths of wrath
  An apocalypse crab (Abyss:3)
  A water nymph (shapeshifter) (Vaults:3)
  3 rust devils
  3 orange demons
  8 vault sentinels
  6 elephants
  18 spiny frogs
  3 gargoyles
  A rime drake (shapeshifter) (Elf:2)
  4 kobold demonologists
  4 efreet
  2 hellwings (D:7)
  An ice devil (Depths:4)
  A rime drake (Lair:6)
  13 komodo dragons
  5 freezing wraiths
  2 ancient zymes (Abyss:3)
  A tormentor (Depths:4)
  An anaconda simulacrum (Abyss:1)
  11 demonic crawlers
  A human skeleton (Vaults:4)
  A red devil (Zot:5)
  34 yaktaurs
  10 trolls
  A wind drake (shapeshifter) (Depths:2)
  24 hornets
  A polar bear (shapeshifter) (Depths:2)
  3 meliai (D:15)
  31 jumping spiders
  3 tyrant leeches
  3 raiju (Abyss:3)
  A tengu simulacrum (Depths:1)
  14 blink frogs
  A dream sheep (shapeshifter) (Depths:2)
  15 polar bears
  An ettin zombie (Vaults:4)
  8 hippogriffs
  6 bog bodies
  57 slime creatures
  A fire dragon zombie (Abyss:3)
  6 dream sheep
  A hippogriff (shapeshifter) (D:14)
  A stone giant simulacrum (Vaults:3)
  57 redbacks
  7 air elementals
  7 wraiths
  A shadow (Swamp:1)
  23 tarantellas
  5 fire elementals
  A yak (shapeshifter) (Depths:2)
  3 wyverns
  2 fire bats (Abyss:3)
  78 yaks
  16 water elementals
  Grum (D:8)
  5 basilisks
  A hog (Swamp:4)
  A golden eye (shapeshifter) (Vaults:4)
  A steam dragon (D:11)
  3 hungry ghosts
  6 neqoxecs
  16 vampire mosquitoes
  21 swamp worms
  2 chaos spawn
  9 wargs
  11 water moccasins
  10 insubstantial wisps
  7 acid dragons
  A floating eye (Depths:5)
  3 hell hounds (D:15)
  5 porcupines
  10 ice beasts
  13 swamp drakes
  An eye of draining (shapeshifter) (Vaults:1)
  5 phantoms
  2 necrophages
  4 black bears
  An ice dragon simulacrum (Abyss:2)
  34 orc warriors
  An eye of draining (D:12)
  4 sky beasts
  14 boggarts
  3 ettin simulacra (Depths:4)
  13 crocodiles
  34 wolves
  23 ogres
  13 centaurs
  8 big kobolds
  A wyvern zombie (D:6)
  7 bullfrogs
  3 earth elementals
  3 small abominations (Abyss:3)
  2 wyvern skeletons
  2 scorpions
  8 wights
  3 killer bees (D:10)
  A howler monkey (shapeshifter) (Depths:2)
  A howler monkey (D:8)
  9 crimson imps
  2 human simulacra (Vaults:2)
  2 quasits
  5 bullfrog skeletons
  8 jellies
  4 centaur skeletons
  17 orc priests
  5 hounds
  31 orc wizards
  Natasha (D:4)
  4 iguanas
  7 worker ants
  A killer bee zombie (D:7)
  A howler monkey zombie (D:5)
  A worker ant zombie (D:11)
  3 gnolls (D:6)
  13 adders
  4 shadow imps
  4 white imps
  An ufetubus (Abyss:3)
  6 oozes
  An adder zombie (D:8)
  A dart slug (D:1)
  4 leopard geckos
  113 orcs
  A ball python (Temple)
  9 bats
  3 giant cockroaches
  7 goblins
  8 hobgoblins
  13 jackals
  5 quokkas
  A frilled lizard (D:1)
  19 kobolds
  2 quokka zombies
  8 rats
  A crawling corpse (Elf:3)
  3 plants
  2 starspawn tentacles (Abyss:3)
  A tentacle (Abyss:3)
2170 creatures vanquished.

Vanquished Creatures (collateral kills)
  the Lernaean hydra (Swamp:4)
  Nikola (Vaults:2)
  2 death cobs (Zot:2)
  A storm dragon (Zot:2)
  Donald (Vaults:1)
  A draconian monk (Zot:2)
  The ghost of Moloch the Executioner, an adept GrFi of Okawaru (Swamp:3)
  2 frost giants (D:12)
  A draconian knight (Zot:2)
  Louise (Swamp:3)
  A ghost moth (Spider:4)
  A vault warden (Vaults:4)
  A draconian scorcher (Zot:2)
  A deep elf elementalist (Elf:3)
  An ironheart preserver (Vaults:2)
  A very ugly thing (Depths:5)
  2 stone giants
  A deep elf demonologist (Elf:3)
  A purple draconian (Zot:2)
  4 deep elf annihilators
  A red draconian (Zot:2)
  A yellow draconian (Zot:2)
  3 ettins
  2 deep elf death magi (Elf:3)
  2 fire dragons
  2 vault guards (Vaults:4)
  2 yaktaur captains (Vaults:1)
  4 ogre magi
  A spriggan air mage (Depths:5)
  A centaur warrior (Depths:1)
  8 two-headed ogres
  A dancing weapon (Elf:2)
  An orc high priest (Orc:2)
  3 deep elf knights
  3 spriggans (Swamp:4)
  A skeletal warrior (Depths:1)
  2 wizards
  A swamp dragon (Swamp:4)
  A deep elf archer (D:15)
  A necromancer (Vaults:2)
  A deep elf mage (Vaults:3)
  3 orb spiders (Spider:1)
  3 wolf spiders
  An orc sorcerer (D:15)
  A manticore (D:15)
  A shining eye (shapeshifter) (Vaults:3)
  12 ugly things
  A cyclops (Vaults:1)
  A salamander (shapeshifter) (D:13)
  A vault sentinel (Vaults:1)
  A centaur zombie (D:15)
  A yaktaur zombie (Vaults:2)
  10 yaktaurs
  3 demonic crawlers
  A troll (D:15)
  2 tyrant leeches
  8 jumping spiders
  Grinder (D:3)
  15 slime creatures
  2 hornets (Swamp:4)
  16 redbacks
  2 tarantellas (Spider:1)
  3 orc warriors
  A human zombie (Vaults:2)
  9 ogres
  A phantom (D:4)
  6 centaurs
  2 boggarts (D:15)
  Blork the orc (D:5)
  An earth elemental (Elf:3)
  A scorpion (D:6)
  A wight (D:6)
  A crimson imp (D:8)
  2 hounds
  A human simulacrum (Vaults:2)
  5 orc priests
  Crazy Yiuf (D:3)
  Terence (D:3)
  Natasha (twice) (D:4)
  6 orc wizards
  A worker ant (D:3)
  Ijyb (D:3)
  A hound skeleton (D:8)
  2 gnolls
  3 adders
  4 worms
  21 orcs
  A giant cockroach (D:3)
  A jackal (D:4)
  A kobold (D:3)
  2 rats (D:3)
237 creatures vanquished.

Vanquished Creatures (others)
  A draconian stormcaller (Depths:5)
  2 red draconians (Zot:4)
  A purple draconian (Zot:5)
  An ice dragon (Vaults:2)
  An orc sorcerer (Orc:2)
  A wolf spider (Spider:4)
  An ugly thing (D:15)
  2 humans (Swamp:4)
  A hornet (Spider:4)
  A slime creature (Depths:1)
  A spriggan (Swamp:4)
  A swamp drake (Swamp:4)
  2 slaves (D:7)
  An ogre (Vaults:4)
  An orc wizard (Orc:1)
  An orc (Orc:1)
  14 fungi
  21 plants
  2 starspawn tentacles (Abyss:3)
  3 tentacles (Abyss:3)
59 creatures vanquished.

Grand Total: 2466 creatures vanquished

Notes
Turn   | Place    | Note
-------+----------+-------------------------------------------
     0 | D:1      | Yermak the Draconian Wizard began the quest for the Orb.
     0 | D:1      | Reached XP level 1. HP: 14/14 MP: 4/4
   593 | D:1      | Reached skill level 2 in Conjurations
   872 | D:1      | Reached XP level 2. HP: 20/20 MP: 4/6
  1033 | D:1      | Learned a level 2 spell: Call Imp
  1036 | D:1      | Learned a level 2 spell: Blink
  1742 | D:2      | Reached XP level 3. HP: 26/26 MP: 0/7
  2514 | D:2      | Reached skill level 3 in Conjurations
  2922 | D:3      | Reached XP level 4. HP: 33/33 MP: 6/8
  3042 | D:3      | Noticed Terence
  3130 | D:3      | Killed Terence
  3241 | D:3      | Noticed Ijyb
  3702 | D:3      | Killed Ijyb
  3702 | D:3      | Reached skill level 3 in Summonings
  3733 | D:3      | Reached XP level 5. HP: 37/38 MP: 3/9
  3923 | D:3      | Reached skill level 4 in Conjurations
  3928 | D:3      | Learned a level 3 spell: Mephitic Cloud
  4140 | D:3      | Reached skill level 1 in Air Magic
  4212 | D:3      | Noticed Grinder
  4402 | D:3      | Paralysed by Grinder for 2 turns
  4429 | D:3      | Paralysed by Grinder for 6 turns
  4467 | D:3      | Paralysed by Grinder for 3 turns
  4499 | D:3      | Paralysed by Grinder for 4 turns
  4502 | D:3      | Killed Grinder
  4502 | D:3      | Reached skill level 1 in Poison Magic
  4502 | D:3      | Reached XP level 6. HP: 25/46 MP: 6/10
  5090 | D:3      | Found a runed door.
  5124 | D:3      | Noticed Crazy Yiuf
  5138 | D:3      | Killed Crazy Yiuf
  5422 | D:4      | Reached skill level 3 in Stealth
  5560 | D:4      | Found an ornate altar of the Wu Jian Council.
  5681 | D:4      | Found a staircase to the Ecumenical Temple.
  5690 | Temple   | Entered the Ecumenical Temple
  5908 | Temple   | Became a worshipper of Vehumet
  6012 | Temple   | Your scales start taking on a rich purple colour.
  6012 | Temple   | Reached XP level 7. HP: 42/51 MP: 0/14
  6017 | Temple   | Learned a level 3 spell: Conjure Flame
  6229 | D:4      | Reached skill level 3 in Dodging
  6568 | D:4      | Reached skill level 1 in Fire Magic
  6758 | D:4      | Noticed Natasha
  6816 | D:4      | Killed Natasha
  6896 | D:4      | Noticed Natasha
  6908 | D:4      | Killed Natasha
  7293 | D:4      | Found an ornate altar of the Wu Jian Council.
  7336 | D:4      | Found a staircase to the Ecumenical Temple.
  7578 | D:4      | Noticed Natasha
  7591 | D:4      | Killed Natasha
  7629 | D:5      | Entered Level 5 of the Dungeon
  8021 | D:5      | Reached XP level 8. HP: 58/58 MP: 13/16
  8149 | D:5      | Reached skill level 5 in Conjurations
  8249 | D:5      | Reached * piety under Vehumet
  8249 | D:5      | Offered knowledge of Shock by Vehumet.
  8507 | D:5      | Reached skill level 3 in Fire Magic
  8586 | D:5      | Found a deep blue altar of Sif Muna.
  8639 | D:5      | Noticed Blork the orc
  8659 | D:5      | Killed Blork the orc
  8915 | D:6      | Reached skill level 6 in Spellcasting
  9498 | D:6      | Found Heatag's Magic Scroll Emporium.
  9525 | D:6      | Bought a scroll of teleportation for 30 gold pieces
  9525 | D:6      | Bought a scroll of blinking for 75 gold pieces
  9525 | D:6      | Bought a scroll of magic mapping for 35 gold pieces
  9525 | D:6      | Bought a scroll of fear for 35 gold pieces
  9525 | D:6      | Bought a scroll of identify for 20 gold pieces
  9677 | D:6      | Reached skill level 6 in Conjurations
  9761 | D:6      | Found a shadowy altar of Dithmenos.
  9899 | D:6      | Reached ** piety under Vehumet
  9964 | D:6      | Found a sparkling altar of Nemelex Xobeh.
  9964 | D:6      | Found a blossoming altar of Fedhas.
  9971 | D:6      | Found a glowing silver altar of Zin.
  9973 | D:6      | Found an iron altar of Okawaru.
  9974 | D:6      | Found an opulent altar of Gozag.
 10043 | D:6      | Reached skill level 1 in Fighting
 10043 | D:6      | Reached XP level 9. HP: 67/67 MP: 15/19
 10131 | D:6      | Offered knowledge of Freeze by Vehumet.
 10153 | D:6      | Bought a scroll of teleportation for 30 gold pieces
 10360 | D:7      | Reached skill level 3 in Fighting
 11039 | D:7      | Noticed Pikel
 11052 | D:7      | Killed Pikel
 11052 | D:7      | Reached skill level 6 in Fighting
 11084 | D:7      | Found a stormy altar of Qazlal.
 11398 | D:7      | Got a vibrating jade ring
 11399 | D:7      | Identified the ring "Kyuroupn" {-Tele rPois Int+6} (You found it on level 7 of the Dungeon)
 11429 | D:7      | Offered knowledge of Inner Flame by Vehumet.
 11847 | D:8      | Reached *** piety under Vehumet
 11987 | D:8      | Noticed Grum
 12035 | D:8      | Killed Grum
 12222 | D:8      | Noticed a two-headed ogre
 12222 | D:8      | Noticed braks's ghost (novice OgAM)
 12233 | D:8      | Reached XP level 10. HP: 78/88 MP: 10/20
 12284 | D:8      | Killed a two-headed ogre
 12290 | D:8      | Killed braks's ghost
 12290 | D:8      | Reached skill level 9 in Fighting
 12290 | D:8      | Reached skill level 6 in Stealth
 12722 | D:8      | Offered knowledge of Ignite Poison by Vehumet.
 13126 | D:8      | Reached skill level 6 in Dodging
 13129 | D:8      | Noticed a three-headed hydra
 13223 | D:8      | Killed a three-headed hydra
 13455 | D:6      | Bought a scroll of remove curse for 30 gold pieces
 13806 | D:9      | Reached **** piety under Vehumet
 13811 | D:9      | Learned a level 3 spell: Ignite Poison
 13992 | D:9      | Reached skill level 1 in Transmutations
 14061 | D:9      | Reached XP level 11. HP: 101/101 MP: 21/21
 14111 | D:9      | Noticed a two-headed ogre
 14124 | D:9      | Killed a two-headed ogre
 14232 | D:9      | Offered knowledge of Iskenderun's Mystic Blast by Vehumet.
 14287 | D:9      | Reached skill level 3 in Poison Magic
 14309 | D:9      | Gained mutation: Your magical capacity is low. (-10% MP) [mutagenic meat]
 14310 | D:9      | Gained mutation: Your system is resistant to poisons. (rPois) [mutagenic meat]
 14311 | D:9      | Gained mutation: You have a pair of small antennae on your head. [mutagenic meat]
 14312 | D:9      | Gained mutation: You are agile. (Dex +2) [mutagenic meat]
 14313 | D:9      | Found a burning altar of Makhleb.
 14534 | D:9      | Got a crude shortbow
 14670 | D:9      | Learned a level 4 spell: Iskenderun's Mystic Blast
 14684 | D:10     | Entered Level 10 of the Dungeon
 14888 | D:10     | Killed an unseen horror
 14975 | D:9      | Reached ***** piety under Vehumet
 14976 | D:9      | Offered knowledge of Iskenderun's Battlesphere by Vehumet.
 15100 | D:9      | Learned a level 5 spell: Iskenderun's Battlesphere
 15400 | D:10     | Noticed a two-headed ogre
 15419 | D:10     | Killed a two-headed ogre
 15506 | D:10     | Reached skill level 7 in Conjurations
 15667 | D:10     | Reached skill level 3 in Charms
 15912 | D:11     | Found a portal to a secret trove of treasure.
 16495 | D:11     | Noticed a green ugly thing
 16500 | D:11     | Killed a green ugly thing
 16553 | D:11     | Noticed a two-headed ogre
 16561 | D:11     | Killed a two-headed ogre
 16561 | D:11     | Reached skill level 8 in Conjurations
 16569 | D:11     | Found a staircase to the Lair.
 16695 | D:11     | Noticed a two-headed ogre
 16698 | D:11     | Killed a two-headed ogre
 16698 | D:11     | Reached XP level 12. HP: 68/108 MP: 14/22
 16877 | D:11     | Gained mutation: Potions are less effective at restoring your health. [mutagenic meat]
 16878 | D:11     | Lost mutation: You have a pair of small antennae on your head. [mutagenic meat]
 16879 | D:11     | Gained mutation: You are robust. (+10% HP) [mutagenic meat]
 16880 | D:11     | Lost mutation: You are agile. (Dex +2) [mutagenic meat]
 16882 | D:11     | Gained mutation: Your flesh is cold resistant. (rC+) [mutagenic meat]
 16933 | D:11     | Reached skill level 9 in Spellcasting
 17167 | Lair:1   | Entered Level 1 of the Lair of Beasts
 17258 | Lair:1   | Reached skill level 9 in Conjurations
 18125 | Lair:2   | Noticed Fannar
 18139 | Lair:2   | Killed Fannar
 18156 | Lair:2   | Reached skill level 10 in Conjurations
 18291 | Lair:2   | Noticed an eight-headed hydra
 18296 | Lair:2   | Killed an eight-headed hydra
 18484 | Lair:2   | Noticed Sonja
 18489 | Lair:2   | Killed Sonja
 18791 | Lair:2   | Offered knowledge of Spellforged Servitor by Vehumet.
 19277 | Lair:3   | Reached skill level 11 in Conjurations
 19449 | Lair:3   | Reached XP level 13. HP: 105/125 MP: 10/25
 19844 | Lair:4   | Reached skill level 12 in Spellcasting
 19967 | Lair:4   | Learned a level 7 spell: Spellforged Servitor
 20051 | Lair:4   | Noticed Josephine
 20064 | Lair:4   | Killed Josephine
 20627 | Lair:3   | Reached skill level 12 in Conjurations
 20905 | Lair:3   | Identified the +6 shortbow of Qohuudab {freeze, *Slow +Inv rPois Int+2} (You found it on level 9 of the Dungeon)
 21177 | Lair:4   | Found a hole to the Spider Nest.
 21258 | Lair:4   | Found a staircase to the Swamp.
 21641 | Lair:5   | Found a staircase to the Slime Pits.
 22184 | Lair:5   | Offered knowledge of Freezing Cloud by Vehumet.
 22614 | Lair:6   | Entered Level 6 of the Lair of Beasts
 22858 | Lair:6   | Reached ****** piety under Vehumet
 22886 | Lair:6   | Reached XP level 14. HP: 81/134 MP: 8/28
 23080 | Lair:5   | Learned a level 6 spell: Freezing Cloud
 23228 | Lair:6   | Reached skill level 1 in Ice Magic
 23493 | Lair:6   | Reached skill level 3 in Air Magic
 23550 | Lair:6   | Reached skill level 3 in Ice Magic
 23944 | Lair:6   | Noticed Rupert
 24613 | Lair:6   | Got a dazzling morningstar
 24614 | Lair:6   | Identified the cursed +1 morningstar of Culiobro {freeze, rC- MR++ Int+4} (You found it on level 6 of the Lair of Beasts)
 24996 | Lair:6   | Killed Rupert
 25446 | D:12     | Noticed Urug
 25453 | D:12     | Killed Urug
 26008 | D:12     | Reached skill level 9 in Dodging
 26077 | D:12     | Found a runed door.
 26077 | D:12     | Noticed a frost giant
 26077 | D:12     | Noticed a vampire knight
 26079 | D:12     | Noticed a frost giant
 26079 | D:12     | Noticed a tengu reaver
 26162 | D:12     | Reached skill level 1 in Evocations
 26165 | D:12     | Noticed Frances
 26172 | D:12     | Killed Frances
 26322 | D:12     | Found a staircase to the Orcish Mines.
 26542 | Orc:1    | Entered Level 1 of the Orcish Mines
 26542 | Orc:1    | Found a frozen archway.
 26542 | Orc:1    | Noticed Erica
 26551 | Orc:1    | Killed Erica
 26551 | Orc:1    | Reached skill level 3 in Evocations
 26906 | IceCv    | Entered an ice cave
 27324 | IceCv    | Offered knowledge of Bolt of Magma by Vehumet.
 27795 | IceCv    | Reached XP level 15. HP: 140/140 MP: 5/29
 27949 | IceCv    | Noticed a frost giant
 27957 | IceCv    | Killed a frost giant
 28124 | IceCv    | Noticed braks's ghost (journeyman TrVM)
 28180 | IceCv    | Killed braks's ghost
 28382 | IceCv    | Got a brightly glowing halberd
 28630 | Orc:2    | Entered Level 2 of the Orcish Mines
 28792 | Orc:2    | Found Rasececs's Distillery.
 29021 | Orc:1    | Reached skill level 6 in Evocations
 29664 | Orc:2    | Found a roughly hewn altar of Beogh.
 29681 | Orc:2    | Found a staircase to the Elven Halls.
 29814 | Orc:2    | Found Hubrol's Magic Scroll Emporium.
 29916 | Orc:2    | Offered knowledge of Orb of Destruction by Vehumet.
 30246 | Orc:2    | Found Ugro's Antique Armour Boutique.
 30252 | Orc:2    | Found Apuosura's Assorted Antiques.
 30254 | Orc:2    | Found Tyziogee's Book Emporium.
 30271 | Orc:2    | Learned a level 7 spell: Orb of Destruction
 30275 | Orc:2    | Identified the +5 halberd of Descent {antimagic, rPois MR- SInv} (You found it in an ice cave)
 30290 | Orc:2    | Bought a pair of embroidered gloves for 262 gold pieces
 30295 | Orc:2    | Bought a pair of runed boots for 262 gold pieces
 30308 | Orc:2    | Bought a scroll of teleportation for 45 gold pieces
 30411 | Orc:1    | Noticed an orc warlord
 30419 | Orc:1    | Reached skill level 1 in Maces & Flails
 30421 | Orc:1    | Killed an orc warlord
 30421 | Orc:1    | Reached skill level 6 in Summonings
 30729 | D:13     | Gained mutation: You have a pair of small horns on your head. [mutagenic meat]
 30958 | D:13     | Reached skill level 13 in Conjurations
 31150 | D:13     | Found a gate to the Vaults.
 31205 | D:14     | Gained mutation: Your spells are a little harder to cast, but a little more powerful. [mutagenic meat]
 31206 | D:14     | Lost mutation: Your spells are a little harder to cast, but a little more powerful. [mutagenic meat]
 31347 | D:14     | Reached skill level 3 in Maces & Flails
 31350 | D:14     | Found a deep blue altar of Sif Muna.
 32097 | D:15     | Entered Level 15 of the Dungeon
 32271 | D:15     | Found Ufuczoz's Book Shop.
 32675 | D:15     | Found a staircase to the Depths.
 32712 | D:15     | Offered knowledge of Ozocubu's Refrigeration by Vehumet.
 33396 | D:15     | Reached XP level 16. HP: 149/149 MP: 11/30
 33406 | D:15     | Noticed Azrael
 33672 | D:15     | Identified the +2 long sword of the Queen {flame, Int+5 SInv} (You took it off a kobold demonologist on level 15 of the Dungeon)
 33697 | D:15     | Gained mutation: You expend magic power (3 MP) to strengthen your wands. [mutagenic meat]
 33698 | D:15     | Gained mutation: You are resistant to hostile enchantments. (MR+) [mutagenic meat]
 33701 | D:15     | Lost mutation: You are robust. (+10% HP) [mutagenic meat]
 33702 | D:15     | Gained mutation: Your body sometimes deteriorates upon taking damage. [mutagenic meat]
 33703 | D:15     | Lost mutation: Your body sometimes deteriorates upon taking damage. [potion of mutation]
 33703 | D:15     | Lost mutation: You have a pair of small horns on your head. [potion of mutation]
 33703 | D:15     | Lost mutation: You are resistant to hostile enchantments. (MR+) [potion of mutation]
 33703 | D:15     | Gained mutation: You are clumsy. (Dex -2) [potion of mutation]
 33703 | D:15     | Gained mutation: You have large cloven feet. [potion of mutation]
 33703 | D:15     | Gained mutation: You possess an exceptional clarity of mind. [potion of mutation]
 33704 | D:15     | Lost mutation: You expend magic power (3 MP) to strengthen your wands. [potion of mutation]
 33704 | D:15     | Lost mutation: Your magical capacity is low. (-10% MP) [potion of mutation]
 33704 | D:15     | Lost mutation: You are clumsy. (Dex -2) [potion of mutation]
 33704 | D:15     | Lost mutation: Your flesh is cold resistant. (rC+) [potion of mutation]
 33704 | D:15     | Gained mutation: You are somewhat resistant to further mutation. [potion of mutation]
 33704 | D:15     | Gained mutation: Your spells are a little harder to cast, but a little more powerful. [potion of mutation]
 33960 | D:15     | Killed Azrael
 34360 | Swamp:1  | Entered Level 1 of the Swamp
 34546 | Swamp:1  | Reached skill level 12 in Dodging
 34629 | Swamp:1  | Reached skill level 6 in Maces & Flails
 34652 | Swamp:1  | Noticed Aizul
 34671 | Swamp:1  | Killed Aizul
 35352 | Swamp:2  | Reached skill level 14 in Conjurations
 35599 | Swamp:2  | Offered knowledge of Iron Shot by Vehumet.
 35643 | Swamp:2  | Reached skill level 1 in Shields
 36391 | Swamp:3  | Noticed Louise
 36616 | Swamp:3  | Noticed Moloch's ghost (adept GrFi)
 36853 | Swamp:2  | Learned a level 6 spell: Iron Shot
 37028 | Swamp:3  | Killed Moloch's ghost
 37038 | Swamp:3  | Killed Louise
 37038 | Swamp:3  | Reached skill level 3 in Shields
 37321 | Swamp:3  | Noticed a thorn hunter
 37326 | Swamp:3  | Killed a thorn hunter
 37481 | Swamp:4  | Entered Level 4 of the Swamp
 37489 | Swamp:4  | Noticed Kirke
 37496 | Swamp:4  | Killed Kirke
 37899 | Swamp:4  | Noticed a thorn hunter
 37902 | Swamp:4  | Killed a thorn hunter
 38598 | Swamp:4  | Reached XP level 17. HP: 141/141 MP: 24/34
 38602 | Swamp:4  | Noticed the 27-headed Lernaean hydra
 38620 | Swamp:4  | Killed the 27-headed Lernaean hydra
 39104 | Swamp:4  | Got a decaying rune of Zot
 39325 | Spider:1 | Entered Level 1 of the Spider Nest
 39441 | Spider:1 | Reached skill level 9 in Maces & Flails
 39591 | Spider:1 | Reached skill level 15 in Conjurations
 39635 | Spider:1 | Offered knowledge of Lehudib's Crystal Spear by Vehumet.
 39635 | Spider:1 | Offered knowledge of Chain Lightning by Vehumet.
 39635 | Spider:1 | Offered knowledge of Ignition by Vehumet.
 39823 | Spider:1 | Reached skill level 6 in Shields
 42877 | Spider:4 | Entered Level 4 of the Spider Nest
 43528 | Spider:4 | Reached XP level 18. HP: 123/149 MP: 14/35
 44398 | Spider:4 | Got a gossamer rune of Zot
 44735 | Vaults:1 | Entered Level 1 of the Vaults
 45276 | Vaults:1 | Noticed Donald
 45281 | Vaults:1 | Killed Donald
 45281 | Vaults:1 | Reached skill level 16 in Conjurations
 46600 | Vaults:1 | Reached skill level 9 in Shields
 46713 | Vaults:2 | Noticed Frederick
 46718 | Vaults:2 | Killed Frederick
 47420 | Vaults:2 | Noticed Jorgrun
 47424 | Vaults:2 | Killed Jorgrun
 47683 | Vaults:2 | Noticed Nikola
 47695 | Vaults:2 | Killed Nikola
 47695 | Vaults:2 | Reached XP level 19. HP: 111/156 MP: 6/36
 48000 | Vaults:2 | Reached skill level 12 in Shields
 49901 | Vaults:3 | Found a staircase to the Crypt.
 49901 | Vaults:3 | Found a basalt altar of Yredelemnul.
 49902 | Vaults:3 | Found an ancient bone altar of Kikubaaqudgha.
 51422 | Vaults:4 | Reached skill level 12 in Maces & Flails
 52736 | Vaults:4 | Reached skill level 15 in Shields
 52745 | Vaults:4 | Reached XP level 20. HP: 69/163 MP: 20/37
 53322 | Elf:1    | Entered Level 1 of the Elven Halls
 54267 | Elf:2    | Reached skill level 1 in Earth Magic
 54412 | Elf:2    | Noticed kal9871's ghost (adept MiBe)
 54423 | Elf:2    | Killed kal9871's ghost
 54568 | Elf:2    | Reached skill level 3 in Earth Magic
 54823 | Elf:2    | Found a runed gate.
 54823 | Elf:2    | Found a runed gate.
 54823 | Elf:2    | Found a runed gate.
 55211 | Elf:2    | Learned a level 5 spell: Lee's Rapid Deconstruction
 56024 | Elf:3    | Entered Level 3 of the Elven Halls
 56029 | Elf:3    | Reached skill level 6 in Earth Magic
 56118 | Elf:3    | Reached skill level 17 in Conjurations
 56470 | Elf:3    | Reached XP level 21. HP: 164/169 MP: 31/38
 57311 | Elf:3    | Reached skill level 9 in Earth Magic
 57616 | Elf:3    | Got an ancient lapis lazuli ring
 57618 | Elf:3    | Identified the ring of Soef {rElec rN++ MP+9 Str+2} (You took it off a deep elf demonologist on level 3 of the Elven Halls)
 57680 | Elf:3    | Identified Fuxkanou's Almanac of the Rocks and Protection
 57699 | Elf:3    | Got a slimy turquoise ring
 57701 | Elf:3    | Identified the ring "Ophin" {MR+ MP-9 Dex+8 Stlth-} (You found it on level 3 of the Elven Halls)
 57784 | Elf:3    | Identified the +1 hat of Love and Death {Regen+} (You found it on level 3 of the Elven Halls)
 57857 | Elf:3    | Got an ancient trident {speed}
 57858 | Elf:3    | Identified the +11 trident of Rafatorap {speed, rN+} (You took it off a deep elf demonologist on level 3 of the Elven Halls)
 57885 | Elf:3    | Got a fine trident {flame}
 57886 | Elf:3    | Identified the +6 trident of the Stoat {flame, rElec Dex+4} (You took it off a deep elf mage on level 3 of the Elven Halls)
 57962 | Elf:3    | Reached skill level 18 in Conjurations
 58831 | D:12     | Identified the ring "Sivuser" {Str+5 Dex+5} (You took it off a deep elf annihilator on level 12 of the Dungeon)
 59193 | Depths:1 | Entered Level 1 of the Depths
 59269 | D:15     | Learned a level 3 spell: Regeneration
 59335 | Depths:1 | Reached skill level 1 in Necromancy
 59358 | Depths:1 | Found a flickering gateway to a bazaar.
 59364 | Bazaar   | Entered a bazaar
 59364 | Bazaar   | Found Erae's Assorted Antiques.
 59364 | Bazaar   | Found Rahiobot's General Store.
 59369 | Bazaar   | Found Fostoilu's Assorted Antiques.
 59373 | Bazaar   | Bought a scroll labeled CEUFIBLEMU for 21 gold pieces
 59383 | Bazaar   | Found Kuuruss's Antique Weapon Emporium.
 59395 | Bazaar   | Bought a potion of agility for 64 gold pieces
 59401 | Bazaar   | Bought a scroll of fear for 115 gold pieces
 59401 | Bazaar   | Bought a potion of heal wounds for 165 gold pieces
 59405 | Bazaar   | Bought a scroll of identify for 42 gold pieces
 59405 | Bazaar   | Bought a potion of haste for 210 gold pieces
 59443 | Depths:1 | Found a gateway to Hell.
 59687 | Depths:1 | Reached skill level 3 in Necromancy
 59814 | Depths:1 | Reached skill level 15 in Spellcasting
 59927 | Depths:1 | Noticed Bai Suzhen
 59933 | Depths:1 | Killed Bai Suzhen
 60521 | Depths:2 | Reached XP level 22. HP: 181/181 MP: 41/41
 60593 | Depths:2 | Reached skill level 12 in Fighting
 60635 | Depths:2 | Noticed a caustic shrike
 60638 | Depths:2 | Killed a caustic shrike
 60724 | Depths:1 | Learned a level 6 spell: Bolt of Fire
 61111 | Depths:2 | Got a wavering lapis lazuli ring
 61146 | Depths:2 | Noticed an ancient lich
 61154 | Depths:2 | Killed an ancient lich
 61727 | Depths:2 | Noticed a caustic shrike
 61729 | Depths:2 | Killed a caustic shrike
 62229 | Depths:2 | Identified the ring of Youthful Indiscretion {+Blink rF+ Int+4} (You took it off a deep elf demonologist on level 2 of the Depths)
 62702 | D:6      | Bought a scroll of amnesia for 35 gold pieces
 62709 | D:6      | Learned a level 5 spell: Fireball
 63117 | Depths:3 | Found a one-way gate leading to the halls of Pandemonium.
 63194 | Depths:3 | Found a glowing golden altar of the Shining One.
 63241 | Depths:3 | Reached skill level 6 in Fire Magic
 63388 | Depths:3 | Reached XP level 23. HP: 198/198 MP: 44/44
 63600 | Depths:3 | Found Veapnouss's Jewellery Shop.
 63600 | Depths:3 | Found Wivior's Gadget Shoppe.
 63601 | Depths:3 | Found Xuwk's Jewellery Shop.
 63852 | Depths:4 | Found Kapnuh's Antique Armour Shoppe.
 63856 | Depths:4 | Bought a pair of runed boots for 202 gold pieces
 63866 | Depths:4 | Identified a +2 pair of boots of running (You bought it in a shop on level 4 of the Depths)
 63876 | Depths:4 | Found a corrupted altar of Lugonu.
 63877 | Depths:4 | Found a one-way gate to the infinite horrors of the Abyss.
 64576 | Depths:5 | Entered Level 5 of the Depths
 64588 | Depths:5 | Noticed the Enchantress
 64641 | Depths:5 | Paralysed by a floating eye for 3 turns
 64740 | Depths:5 | Paralysed by a floating eye for 4 turns
 64753 | Depths:5 | Reached skill level 9 in Fire Magic
 64756 | Depths:5 | Reached skill level 19 in Conjurations
 64909 | Depths:5 | Found a gateway to a ziggurat.
 64937 | Depths:5 | Killed the Enchantress
 65388 | Depths:5 | Found a gate to the Realm of Zot.
 65493 | Depths:4 | Voluntarily entered the Abyss.
 65799 | Abyss:3  | Found a corrupted altar of Lugonu.
 66249 | Abyss:3  | Paralysed by a hornet for 3 turns
 66294 | Abyss:3  | Reached skill level 20 in Conjurations
 66313 | Abyss:3  | Got an abyssal rune of Zot
 66376 | Depths:4 | Escaped the Abyss
 66471 | Depths:1 | Reached XP level 24. HP: 175/205 MP: 44/44
 66625 | D:11     | You showed the abyssal rune of Zot to enter a treasure trove
 66626 | Trove    | Entered a treasure trove
 66650 | Trove    | Identified the +1 eveningstar "Kacef" {venom, rC+ rN+ Int+3} (You found it in a treasure trove)
 66775 | D:6      | Bought a scroll of magic mapping for 35 gold pieces
 66775 | D:6      | Bought a scroll of holy word for 75 gold pieces
 67005 | Orc:2    | Bought a scroll of recharging for 142 gold pieces
 67005 | Orc:2    | Bought a scroll of enchant armour for 112 gold pieces
 67057 | Orc:2    | Bought a potion of brilliance for 64 gold pieces
 67057 | Orc:2    | Bought a potion of might for 64 gold pieces
 67057 | Orc:2    | Bought a potion of agility for 64 gold pieces
 67057 | Orc:2    | Bought a potion of haste for 160 gold pieces
 67057 | Orc:2    | Bought a potion of mutation for 128 gold pieces
 67057 | Orc:2    | Bought a potion of curing for 48 gold pieces
 67110 | Orc:2    | Bought a scroll of identify for 54 gold pieces
 67110 | Orc:2    | Bought a scroll of identify for 54 gold pieces
 67110 | Orc:2    | Bought a potion of heal wounds for 135 gold pieces
 67473 | Depths:3 | Noticed a greater mummy
 67478 | Depths:3 | Killed a greater mummy
 67478 | Depths:3 | Reached skill level 12 in Fire Magic
 67546 | Depths:3 | Identified a scroll of acquirement
 67549 | Depths:3 | Noticed a greater mummy
 67564 | Depths:3 | Noticed a greater mummy
 67564 | Depths:3 | Killed a greater mummy
 67568 | Depths:3 | Killed a greater mummy
 68108 | Orc:2    | Bought a book of the Sky for 1170 gold pieces
 68115 | Orc:2    | Learned a level 6 spell: Deflect Missiles
 68359 | Zot:1    | Entered Level 1 of the Realm of Zot
 68980 | Zot:1    | Reached skill level 15 in Dodging
 69207 | Zot:2    | Reached skill level 6 in Charms
 69839 | Zot:2    | Reached XP level 25. HP: 152/212 MP: 17/44
 70328 | Zot:2    | Learned a level 8 spell: Ignition
 70601 | Zot:3    | Reached skill level 15 in Fire Magic
 70827 | Zot:3    | Reached skill level 15 in Fighting
 71217 | Zot:4    | Lost mutation: Your spells are a little harder to cast, but a little more powerful. [the power of Zot]
 71339 | Zot:4    | Noticed an orb of fire
 71344 | Zot:4    | Killed an orb of fire
 71947 | Zot:5    | Entered Level 5 of the Realm of Zot
 72661 | Zot:5    | Noticed an ancient lich
 72665 | Zot:5    | Killed an ancient lich
 72673 | Zot:5    | Noticed an orb of fire
 72677 | Zot:5    | Killed an orb of fire
 72713 | Zot:5    | Noticed an orb of fire
 72717 | Zot:5    | Killed an orb of fire
 72789 | Zot:5    | Noticed an ancient lich
 72790 | Zot:5    | Killed an ancient lich
 72790 | Zot:5    | Reached XP level 26. HP: 226/226 MP: 44/44
 72808 | Zot:5    | Noticed an orb of fire
 72812 | Zot:5    | Lost mutation: You possess an exceptional clarity of mind. [an orb of fire]
 72813 | Zot:5    | Killed an orb of fire
 72846 | Zot:5    | Noticed an ancient lich
 72960 | Zot:5    | Killed an ancient lich
 73051 | Zot:5    | Noticed an ancient lich
 73053 | Zot:5    | Killed an ancient lich
 73080 | Zot:5    | Noticed an orb of fire
 73083 | Zot:5    | Killed an orb of fire
 73133 | Zot:5    | Noticed an ancient lich
 73136 | Zot:5    | Killed an ancient lich
 73179 | Zot:5    | Reached skill level 12 in Earth Magic
 73316 | Zot:5    | Noticed an orb of fire
 73322 | Zot:5    | Killed an orb of fire
 73322 | Zot:5    | Reached skill level 18 in Dodging
 73599 | Zot:5    | Noticed an orb of fire
 73600 | Zot:5    | Gained mutation: Your body sometimes deteriorates upon taking damage. [an orb of fire]
 73603 | Zot:5    | Killed an orb of fire
 73607 | Zot:5    | Noticed an orb of fire
 73753 | Zot:5    | Killed an orb of fire
 74127 | Zot:5    | Noticed an orb of fire
 74132 | Zot:5    | Killed an orb of fire
 74132 | Zot:5    | Reached skill level 18 in Fighting
 74558 | Zot:5    | Reached XP level 27. HP: 237/240 MP: 44/44
 74569 | Zot:5    | Got the Orb of Zot
 74756 | Depths:4 | Noticed Ubagunui the pandemonium lord
 74765 | Depths:4 | Killed Ubagunui the pandemonium lord
 75175 | D:$      | Escaped with the Orb!

Vault maps used:
D:1:      matt_arrival_grand_opening
D:3:      first_bread, uniq_crazy_yiuf_cottage, uniq_ijyb, uniq_grinder,
          uniq_terence
D:4:      nicolae_overflow_crystal_walls, minmay_temple_entry_mist,
          minmay_misc_feat_more_columns, uniq_natasha
D:5:      led_sif_pool, uniq_blork_the_orc
D:6:      chequers_temple_overflow_minitemple, serial_shops, shop,
          kennysheep_minor_cross, grunt_dithmenos_smoke
D:7:      serial_aquarium, aquarium_bridge_square, aquarium_window_fake,
          aquarium_window_2, aquarium_view_4, aquarium_pool_four,
          nicolae_qazlal_style_of_elements, uniq_pikel
D:8:      hangedman_ranch, minivault_1, uniq_grum
D:9:      basic_altar
D:11:     david_lair_shrubbed, nicolae_trove_entry_columns,
          kennysheep_generic_room_3
D:12:     minmay_gate_of_8, uniq_frances, uniq_urug
D:13:     david_vaults_4
D:14:     basic_altar, minmay_holes
D:15:     hangedman_depths_entry_civil_slaughter, minmay_misc_feat_plants,
          serial_shops, shop, minmay_stone_trees_small, minivault_25_ag,
          uniq_azrael
Temple:   regret_index_temple_generic_petals
Lair:2:   pond, lemuel_fruit_fields, uniq_sonja, uniq_fannar
Lair:3:   bh_autumn_forest_stairs
Lair:4:   swamp_mist, spider_nest_entry_rubble, minivault_25,
          beast_lair_carwin_5, lemuel_fruit_fields, uniq_josephine
Lair:5:   nicolae_slime_entry_slimehenge, beast_lair_carwin_2
Lair:6:   grunt_lair_end_beastmaster, grunt_megastairs_1, serial_bayou_shore_b,
          infiniplex_staircase_pool_2, lemuel_fruit_fields, lemuel_fruit_tree,
          uniq_rupert
Swamp:1:  evilmike_swamp_ruin_house_2, swamp_pool1, hangedman_swamp_pad,
          uniq_aizul
Swamp:2:  nicolae_swamp_treefoil, swamp_pool1
Swamp:3:  evilmike_swamp_ruin_rubble_1, hangedman_swamp_lotus, uniq_louise
Swamp:4:  swamp_old_school, swamp_pool1, nicolae_swamp_fairy_circle, uniq_kirke
Spider:3: nicolae_spider_circle_web
Spider:4: spider_rune_water
Orc:1:    portal_ice_cave_entry_ice_beasts, uniq_erica
Orc:2:    st_orc_elflike, serial_shops, shop, basic_altar
Elf:1:    kennysheep_underground_church, hangedman_elf_targetted_burst
Elf:3:    minmay_elf_hall_hex
Vaults:1: hangedman_vaults_slither, hangedman_vaults_stagger,
          nicolae_vaults_little_squares_3, nicolae_vaults_alarming, v_pattern_5,
          hangedman_vaults_trim, ontoclasm_vaults_eye, uniq_donald
Vaults:2: nicolae_vaults_what_the_h, nicolae_vaults_big_ls,
          vaults_dpeg_encased_lava, v_rooms_4,
          nicolae_vaults_diagonal_hallway_8, vaults_room_pool,
          vaults_mumra_bighexcomb, ontoclasm_vaults_gateway, v_alt_pattern_6,
          vaults_dpeg_ring, nicolae_vaults_ring_of_whatevers, uniq_frederick,
          uniq_nikola, uniq_jorgrun
Vaults:3: hangedman_vaults_nails, grunt_vaults_hallway_short,
          vaults_room_semicircle, nicolae_vaults_display_case,
          nicolae_vaults_ninety_degrees, v_misc_28, ontoclasm_vaults_spin,
          nicolae_vaults_little_squares_4, nicolae_vaults_hallways_thing,
          grunt_vaults_hallway_short, minmay_crypt_entry_necro_gods,
          nicolae_vaults_puzzle_piece, ontoclasm_vaults_decontamination,
          grunt_vaults_hallway_short
Vaults:4: v_misc_10, hangedman_vaults_restitches,
          vaults_standard_mumra_enter_the_diamond, ontoclasm_vaults_ligature,
          hangedman_vaults_corner, hangedman_vaults_locks, hangedman_vaults_trim
Depths:1: minmay_misc_feat_hallway, serial_shops, bzr_entry_safe,
          grunt_mini_vestibule, hangedman_decor_peaks_small,
          minmay_misc_feat_square, serial_bayou_lake_a, uniq_bai_suzhen
Depths:2: hangedman_pleasuredromes, hell_entry
Depths:3: minmay_guarded_unrand_sceptre_of_torment, minmay_tree_intersection,
          hangedman_coc_ice_floe, grunt_pan_entry_zigzag, tso_metal_star,
          minmay_shop_grove
Depths:4: hangedman_elemental_death_ray, rand_demon_pan_entry_3, serial_shops,
          shop_statue, hell_entry, abyss_entry_flame_altar,
          infiniplex_staircase_x
Depths:5: grunt_zot_entry_bicorn, enter_ziggurat_d, hell_entry, uniq_enchantress
Zot:2:    zot_minivault_1
Abyss:3:  minivault_1, nicolae_abyss_rune_left_handed
Abyss:4:  evilmike_abyss_exit_5
Bazaar:   bazaar_minmay_row
Trove:    trove_simple
IceCv:    ice_cave_small_giant

Skill      XL: |  1  2  3  4  5  6  7  8  9 10 11 12 13 14 15 16 17 18 19 20 21 22 23 24 25 26 27 |
---------------+----------------------------------------------------------------------------------+-----
Conjurations   | 2 3 4 6 8 11 12 13 14 15 16 17 18 20 | 20.1
Summonings     | 2 3 5 6 |  6.1
Stealth        | 2 3 4 6 7 8 |  8.8
Air Magic      | 1 5 |  5.0
Dodging        | 2 3 5 7 9 11 12 13 14 15 17 18 | 18.9
Poison Magic   | 1 4 |  4.7
Spellcasting   | 4 5 7 8 11 13 15 17 | 17.6
Fire Magic     | 2 3 5 6 11 14 16 | 16.0
Fighting       | 1 8 10 11 14 16 18 | 18.7
Transmutations | 1 |  1.0
Charms         | 3 8 |  8.6
Ice Magic      | 4 |  4.9
Evocations     | 5 7 |  7.5
Maces & Flails | 5 8 10 11 12 14 | 14.0
Shields        | 4 7 11 15 | 15.3
Earth Magic    | 7 10 13 14 | 14.1
Necromancy     | 3 |  3.0
Translocations | |  1.0

Action                   |  1- 3 |  4- 6 |  7- 9 | 10-12 | 13-15 | 16-18 | 19-21 | 22-24 | 25-27 || total
-------------------------+-------+-------+-------+-------+-------+-------+-------+-------+-------++-------
Melee: Dagger            |       |     7 |       |       |       |       |       |       |       ||     7
       Quarterstaff      |       |     5 |   102 |       |       |       |       |       |       ||   107
       Club              |       |     2 |       |       |       |       |       |       |       ||     2
       Tailslap          |       |       |    12 |    12 |     7 |     7 |    10 |     5 |     3 ||    56
       Halberd           |       |       |   118 |   404 |    10 |       |       |       |       ||   532
       Glaive            |       |       |       |       |    56 |       |       |       |       ||    56
       Morningstar       |       |       |       |       |    19 |    20 |       |       |       ||    39
       Eveningstar       |       |       |       |       |     4 |    62 |    77 |    61 |    23 ||   227
       Long sword        |       |       |       |       |       |       |     5 |     1 |       ||     6
       Staff             |       |       |       |       |       |       |       |       |     2 ||     2
 Fire: Shortbow          |       |       |    32 |    44 |       |       |       |       |       ||    76
       Arbalest          |       |       |       |     9 |       |       |       |       |       ||     9
Throw: Stone             |       |     1 |       |       |       |       |       |       |       ||     1
       Throwing net      |       |       |       |     2 |       |       |       |       |       ||     2
 Cast: Magic Dart        |    97 |   120 |   221 |   320 |   767 |    19 |       |       |       ||  1544
       Call Imp          |    17 |    60 |    66 |     2 |     5 |       |       |       |       ||   150
       Conjure Flame     |       |       |    18 |    55 |    14 |       |       |       |       ||    87
       Iskenderun's Myst |       |       |       |    44 |   169 |   729 |   714 |     4 |       ||  1660
       Mephitic Cloud    |       |       |       |    18 |     7 |       |       |       |       ||    25
       Iskenderun's Batt |       |       |       |    26 |   155 |     6 |       |       |       ||   187
       Ignite Poison     |       |       |       |     7 |     3 |       |       |       |       ||    10
       Freezing Cloud    |       |       |       |       |    29 |    30 |    53 |       |       ||   112
       Orb of Destructio |       |       |       |       |     8 |   104 |    81 |    15 |    14 ||   222
       Spellforged Servi |       |       |       |       |     7 |    27 |    26 |     3 |       ||    63
       Iron Shot         |       |       |       |       |       |     4 |    61 |   266 |   235 ||   566
       Blink             |       |       |       |       |       |     1 |       |       |     1 ||     2
       Lee's Rapid Decon |       |       |       |       |       |       |    17 |    35 |    15 ||    67
       Regeneration      |       |       |       |       |       |       |     4 |    20 |    15 ||    39
       Bolt of Fire      |       |       |       |       |       |       |       |   261 |   141 ||   402
       Fireball          |       |       |       |       |       |       |       |    69 |     6 ||    75
       Deflect Missiles  |       |       |       |       |       |       |       |       |     3 ||     3
 Abil: Breathe Dispellin |       |       |     4 |       |       |       |       |       |       ||     4
       Evoke Invisibilit |       |       |       |       |       |       |       |     1 |       ||     1
Evoke: Wand              |       |       |     7 |     2 |    17 |    14 |     2 |     5 |     4 ||    51
       Phial of floods   |       |       |       |       |       |     1 |       |       |       ||     1
  Use: Scroll            |       |     8 |     9 |     6 |     9 |    24 |     8 |    20 |     4 ||    88
       Potion            |       |     3 |       |     1 |     3 |     8 |     2 |     1 |       ||    18
 Stab: Sleeping          |       |     1 |     1 |     8 |     1 |       |       |       |       ||    11
       Distracted        |       |       |       |     1 |       |     1 |     1 |       |     1 ||     4
       Confused          |       |       |       |     2 |       |       |       |       |       ||     2
       Paralysed         |       |       |       |       |       |     1 |     1 |       |       ||     2
       Invisible         |       |       |       |       |       |       |       |     3 |       ||     3
  Eat: Chunk             |     7 |    10 |    17 |    37 |    45 |    61 |    41 |       |       ||   218
       Fruit             |       |     1 |     2 |     4 |    11 |    22 |    22 |     3 |       ||    65
       Royal jelly       |       |       |     1 |       |       |       |       |    13 |       ||    14
       Bread ration      |       |       |       |       |       |       |       |     1 |     5 ||     6
Armor: Skin              |     8 |    17 |    76 |    87 |   119 |    89 |    48 |    54 |    50 ||   548
Dodge: Dodged            |    12 |    53 |   161 |   218 |   329 |   219 |   161 |   115 |   107 ||  1375
       Deflected         |       |       |       |       |       |       |       |       |    12 ||    12
Block: Other             |       |       |       |       |     1 |     2 |       |       |       ||     3
       Buckler           |       |       |       |       |       |    48 |       |       |       ||    48
       Shield            |       |       |       |       |       |    23 |   185 |    97 |    82 ||   387
       Rpst.: Long sword |       |       |       |       |       |     6 |     8 |       |       ||    14
